 Dungeon Crawl Stone Soup version 0.28-a0-1374-ga75cb3825e (console) character file.

Game seed: 2542830245842569021

700 jejorda2 the Slasher (level 7, -2/56 HPs)
             Began as a Merfolk Berserker on Dec 31, 2021.
             Was a Believer of Trog.
             Slain by a sky beast (6 damage)
             ... on level 5 of the Dungeon.
             The game lasted 00:07:38 (4218 turns).

jejorda2 the Slasher (Merfolk Berserker)            Turns: 4218, Time: 00:07:39

Health: -2/56      AC:  6    Str: 20    XL:     7   Next: 65%
Magic:  7/7        EV: 11    Int:  6    God:    Trog [**....]
Gold:   206        SH:  0    Dex: 13    Spells: 6/6 levels left

rFire   . . .      SeeInvis .   a - +1 falchion
rCold   . . .      Faith    .   (no shield)
rNeg    . . .      Spirit   .   h - +0 ring mail
rPois   .          Reflect  .   (no helmet)
rElec   .          Harm     .   (no cloak)
rCorr   .          Rampage  .   (no gloves)
Will    ++...                   p - +0 pair of boots
Stlth   +.........              f - amulet of the acrobat
HPRegen 1.18/turn               (no ring)
MPRegen 0.10/turn               (no ring)

@: strong-willed, on berserk cooldown, regenerating
A: (nimble swimmer 2), mertail
a: Renounce Religion, Berserk, Trog's Hand


You were on level 5 of the Dungeon.
You worshipped Trog.
Trog was pleased with you.
You visited 1 branch of the dungeon, and saw 5 of its levels.

You collected 206 gold pieces.

Inventory:

Hand Weapons
 a - a +1 falchion (weapon)
 j - a +2 dagger of protection
Missiles
 e - 11 stones (quivered)
 t - a throwing net
Armour
 h - a +0 ring mail (worn)
 p - a +0 pair of boots (worn)
Jewellery
 f - an amulet of the acrobat (around neck)
 n - a ring of resist corrosion
Scrolls
 d - 3 scrolls of teleportation
 g - 6 scrolls of identify
 i - a scroll of enchant weapon
 s - a scroll of blinking
Potions
 c - 2 potions of berserk rage {unknown}
 k - 3 potions of curing
 l - a potion of mutation {unknown}
 m - a potion of haste {unknown}
 o - a potion of might {unknown}
 q - a potion of cancellation
 r - a potion of magic {unknown}
 u - a potion of degeneration {unknown}


   Skills:
 + Level 5.5 Fighting
 * Level 7.1 Long Blades
 + Level 3.3 Armour
 - Level 2.6 Dodging


You had 6 spell levels left.
You didn't know any spells.
Your spell library was empty.

Dungeon Overview and Level Annotations

Branches:
Dungeon (4/15)
 Temple: D:4-7

Altars:


Innate Abilities, Weirdness & Mutations

((You are very nimble when in or above water. (Stealth+, EV+, Speed+++)))
Your lower body shifts to a powerful aquatic tail in water.


Message History

You hit something. Something hits you but does no damage.
You closely miss something. You closely miss something.
Something hits you but does no damage.
A scorpion comes into view.
You miss something.
A sky beast appears from thin air!
Reactivating autopickup.
The sky beast barely misses you.
You slash the sky beast!
The sky beast is moderately wounded.
You are no longer berserk.
You are exhausted.
You feel yourself slow down.
You barely miss the sky beast.
The sky beast is moderately wounded.
The sky beast hits you. The sky beast shocks you.
The sky beast hits you but does no damage.
Your skin crawls.
You feel strong-willed.
The sky beast flickers out of sight!
Deactivating autopickup; reactivate with Ctrl-A.
Something hits you. Something shocks you.
It was a potion of flight.
You feel very buoyant.
You fly up into the air.
Something hits you. Something shocks you. The scorpion stings you.
* * * LOW HITPOINT WARNING * * *
Something hits you.
* * * LOW HITPOINT WARNING * * *
Something shocks you.
* * * LOW HITPOINT WARNING * * *
It was a potion of cancellation.
Your magical effects are unravelling.
You feel magically purged.
You feel yourself speed up.
You float gracefully downwards.
The scorpion stings you.
* * * LOW HITPOINT WARNING * * *
Something hits you.
* * * LOW HITPOINT WARNING * * *
Something shocks you.
You die...

#..........#
.....#.....
..........#
........$. ###
#........#
######.#####......
..$....†...# #.†s#
#####..###.## #@#
# #..# #..##
#{##.#
#..####..###Oh..#
#...# ##.##...###
###...#.....#>#
##.#.....#.#
#.......#.#
##.......[.
.............


You could see an ogre, a scorpion and a hound.

Vanquished Creatures
  Grinder (D:3)
  A sky beast (D:5)
  An ogre (D:4)
  A scorpion (D:4)
  An iguana (D:5)
  A howler monkey zombie (D:5)
  6 adders
  7 gnolls (D:3)
  An adder skeleton (D:2)
  2 worms (D:2)
  2 dart slugs
  3 orcs (D:4)
  11 endoplasms
  2 giant cockroaches
  15 goblins
  3 hobgoblins
  9 jackals
  5 kobolds
  5 quokkas
  12 ball pythons
  4 bats
  3 frilled lizards
  7 rats
103 creatures vanquished.

Vanquished Creatures (others)
  15 plants
15 creatures vanquished.

Grand Total: 118 creatures vanquished

Notes
Turn   | Place    | Note
-------+----------+-------------------------------------------
     0 | D:1      | jejorda2 the Merfolk Berserker began the quest for the Orb.
     0 | D:1      | Reached XP level 1. HP: 18/18 MP: 1/1
    29 | D:1      | Reached XP level 2. HP: 15/24 MP: 2/2
   555 | D:1      | Found a faded altar of an unknown god.
   573 | D:1      | Reached skill level 4 in Long Blades
   573 | D:1      | Reached XP level 3. HP: 29/29 MP: 3/3
  1188 | D:1      | Reached ** piety under Trog
  1657 | D:2      | Reached XP level 4. HP: 37/37 MP: 4/4
  2739 | D:2      | Reached XP level 5. HP: 42/42 MP: 5/5
  2995 | D:3      | Noticed Grinder
  3002 | D:3      | Killed Grinder
  3003 | D:3      | Reached skill level 5 in Long Blades
  3003 | D:3      | Reached XP level 6. HP: 49/49 MP: 6/6
  3075 | D:3      | Reached skill level 6 in Long Blades
  4009 | D:4      | Reached skill level 5 in Fighting
  4073 | D:4      | Reached XP level 7. HP: 42/56 MP: 7/7
  4161 | D:4      | You fall into a shaft and drop 1 floor!
  4161 | D:5      | Entered Level 5 of the Dungeon
  4185 | D:5      | Reached *** piety under Trog
  4205 | D:5      | Reached skill level 7 in Long Blades
  4218 | D:5      | Slain by a sky beast

Illustrated notes

Levels and vault maps discovered:
D:1:      lemuel_arrival_hallway, layout_loops_cross,
          hellmonk_ecumenical_altar_run_dry, serial_glass, glass_columns_c,
          glass_columns_c
D:2:      layout_basic, serial_bayou, serial_bayou_pond_b, serial_bayou_shore_b,
          serial_bayou_lake_a, serial_bayou_crossing, minmay_tetromino_s2
D:3:      layout_rooms, minivault_24, nicolae_grassy_gnolls, uniq_grinder
D:4:      layout_cave_pools, portal_sewer_entry_e
D:5:      minmay_skewed_foursquare, layout_rooms, minmay_increasing_density

Skill      XL: |  1  2  3  4  5  6  7 |
---------------+----------------------+-----
Long Blades    | 4 5 6 7 |  7.1
Armour         | 2 3 |  3.3
Fighting       | 4 5 |  5.5
Dodging        | |  2.6

Action                   |  1- 3 |  4- 6 |  7- 9 || total
-------------------------+-------+-------+-------++-------
Melee: Falchion          |   120 |   204 |    44 ||   368
       Tailslap          |       |     1 |       ||     1
Throw: Stone             |    19 |    11 |       ||    30
Invok: Berserk           |     1 |     6 |     1 ||     8
       Trog's Hand       |       |     3 |     2 ||     5
  Use: Scroll            |       |     7 |     1 ||     8
       Potion            |       |       |     2 ||     2
Armor: Animal skin       |    16 |       |       ||    16
       Ring mail         |     2 |    76 |    12 ||    90
Dodge: Dodged            |    65 |   128 |    26 ||   219

Table legend: (Time is in decaauts)
 A = Elapsed time spent in this place.
 B = Non-inter-level travel time spent in this place.
 C = Inter-level travel time spent in this place.
 D = Time resting spent in this place.
 E = Time spent auto-exploring this place.
 F = Levels seen in this place.
 G = Mean time per level.
                   A        B        C        D        E       F      G
               +--------+--------+--------+--------+--------+-----+--------+
         Total |   4261 |   4174 |     87 |    117 |   3219 |   5 |  852.2 |
       Dungeon |   4261 |   4174 |     87 |    117 |   3219 |   5 |  852.2 |
               +--------+--------+--------+--------+--------+-----+--------+

Top non-repeatable levels by time:
     D:1: 1632 daAuts
     D:2: 1377 daAuts
     D:3: 1012 daAuts
     D:4: 187 daAuts
     D:5: 51 daAuts
